 Dungeon Crawl Stone Soup version 0.32-a0-814-g0968bab981 (webtiles) character file.

Game seed: 13843876347215458423

1418 Dittersdorf the Trooper (level 8, -2/52 HPs)
             Began as a Gargoyle Fighter on Mar 22, 2024.
             Killed from afar by a manticore (10 damage)
             ... with a volley of spikes
             ... on level 6 of the Dungeon.
             The game lasted 00:04:36 (3405 turns).

Dittersdorf the Trooper (Gargoyle Fighter)          Turns: 3405, Time: 00:04:36

Health: -2/52      AC: 17    Str: 22    XL:     8   Next: 71%
Magic:  8/8        EV:  7    Int:  9    God:
Gold:   279        SH:  5    Dex: 14    Spells: 7/7 levels left

rFire   . . .        j - +4 whip of Spite {freeze, Dex+5}
rCold   . . .        c - +0 buckler
rNeg    + . .        p - +0 chain mail {Will+}
rPois   ∞            (no helmet)
rElec   +            l - +0 cloak
rCorr   .            (no gloves)
SInv    +            (no boots)
Will    +....        (no amulet) Stlth
                     b - ring of see invisible
HPRegen 0.28/turn    (no ring)
MPRegen 0.11/turn

%: no passive effects
@: spiked
A: sickness immunity, AC +5, negative energy resistance 1, electricity
resistance, torment resistance 1, petrification resistance
a: no special abilities


You were on level 6 of the Dungeon.
You visited 1 branch of the dungeon, and saw 6 of its levels.

You collected 279 gold pieces.

Inventory:

Hand Weapons
 j - the +4 whip of Spite (weapon) {freeze, Dex+5}
   (You found it on level 6 of the Dungeon)

   Dex+5:     It affects your dexterity (+5).
Armour
 c - a +0 buckler (worn)
 l - a +0 cloak (worn)
 p - a +0 chain mail of willpower (worn)
Jewellery
 b - a ring of see invisible (left hand)
Wands
 o - a wand of paralysis (4) (quivered)
Scrolls
 e - a scroll of fear
 i - a scroll of brand weapon
 s - 2 scrolls of teleportation
Potions
 d - 2 potions of might
 f - a potion of curing
 g - a potion of brilliance {unknown}
 h - a potion of heal wounds {unknown}
 k - a potion of attraction {unknown}
 n - a potion of resistance {unknown}
 q - 2 potions of mutation
 r - a potion of enlightenment


   Skills:
 + Level 6.6 Fighting
 + Level 5.5 Maces & Flails
 + Level 6.5 Armour
 + Level 6.5 Shields


You had 7 spell levels left.
You didn't know any spells.
Your spell library contained the following spells:

 Spells                   Type           Power      Damage    Failure   Level
 Slow                     Hex            0%         N/A       95%         1
 Sting                    Conj/Alch      0%         1d3       95%         1
 Mercury Vapours          Alch/Air       0%         N/A       99%         2
 Confusing Touch          Hex            0%         N/A       100%        3
 Dazzling Flash           Conj/Hex       0%         N/A       100%        3
 Sigil of Binding         Hex            0%         N/A       100%        3
 Vampiric Draining        Necr           0%         2d6       100%        3
 Dispel Undead            Necr           0%         3d6       100%        4
 Martyr's Knell           Necr/Summ      0%         N/A       100%        4
 Olgreb's Toxic Radiance  Alch           0%         N/A       100%        4
 Death Channel            Necr           0%         N/A       100%        6
 Sculpt Simulacrum        Ice/Alch       0%         N/A       100%        6
 Starburst                Conj/Fire      0%         6d3       100%        6
 Maxwell's Capacitive Co  Air            0%         ∞         100%        8
 Cigotuvi's Dreadful Rot  Necr/Alch/Air  Unusable   N/A       N/A         2

Dungeon Overview and Level Annotations

Branches:
Dungeon (6/15)
 Temple: D:4-7

Altars:
Cheibriados
Dithmenos
Okawaru
Qazlal
Xom


Innate Abilities, Weirdness & Mutations

You are immune to sickness and miasma.
Your stone body is resilient. (AC +5)
You are immune to poison.
You resist negative energy. (rN+)
You are resistant to electric shocks. (rElec)
You are resistant to unholy torment.
You are immune to petrification.


Message History

Okay, then.
Okay, then.
Okay, then.
Okay, then.
Okay, then.
Okay, then.
Okay, then.
An iguana comes into view.
Found a glowing mace.
The barbed spikes dig painfully into your body as you move.
The iguana hisses angrily.
A water moccasin comes into view.
An iguana comes into view.
The wight barely misses you.
The iguana moves out of view.
The barbed spikes dig painfully into your body as you move.
You see here a +0 flail of flaming.
The barbed spikes dig painfully into your body as you move.
* * * LOW HITPOINT WARNING * * *
There is an open door, spattered with blood here.
There's nothing to close nearby.
There's nothing to close nearby.
The barbed spikes dig painfully into your body as you move.
* * * LOW HITPOINT WARNING * * *
You close the door.
A wight opens the door.
You close the door.
A wight opens the door.
As you close the door, it creaks loudly!
You carefully extract the barbed spikes from your body.
A wight opens the door.
A black bear comes into view.
The wight hits you with a +4 halberd.
* * * LOW HITPOINT WARNING * * *
There is an open door, spattered with blood here.
As you read the scroll of teleportation, it crumbles to dust.
You feel strangely unstable. The wight hits you with a +4 halberd.
* * * LOW HITPOINT WARNING * * *
You block the wight's attack.
Your surroundings suddenly seem different.
The manticore flicks its tail.
The volley of spikes skewers you!
Barbed spikes become lodged in your body.
You die...

*,**,,,*,*######+######### *,**,*
*,,,,,,*,*######.#...##### *,**,*
*,,,,***,*######.#.#.##### *,**,*
,,,,,,,*,,...###.#.#.#####**,**,*
,*,***,*,,...###.#.#.#....,,,**,*
,,,,,,,,,,...+....<.....##*****+*
,,*******,...###.###.#....,*,,,,,
,,*** *,...###.....#....,*,,,,,
***<*****#######@#######.#**,,,,,
,,,,,,,**................# *,,,,,
,,,,,,,**.####.....####..# ****+*
,,,,,,,**,#).##...##.)#..# *,*
,,,,,,,,*,#...##.##...#..# *,*
,,,,,,,,*,##...#H#...##,,#*****+*
,,,,,,,,#.,##.z#S#†.##,...,,*,,,,
*******,^...###sl.###....#*,*,,,,
*,........ß........#*,*,,,,


You could see a manticore, a water moccasin, a scorpion and an iguana.

Vanquished Creatures
  A steam dragon (D:6)
  Duvessa (D:5)
  3 ice beasts
  4 phantoms
  A scorpion (D:4)
  Dowan (D:5)
  3 hounds
  2 bombardier beetles (D:3)
  A jelly (D:6)
  Ijyb (D:2)
  2 sleepcaps
  3 iguanas
  9 adders
  An ufetubus (D:6)
  A ribbon worm (D:2)
  A dart slug (D:1)
  8 orcs
  4 endoplasms
  4 giant cockroaches
  5 goblins
  10 hobgoblins
  8 jackals
  3 quokkas
  8 ball pythons
  5 bats
  5 frilled lizards
  8 kobolds
  4 rats
107 creatures vanquished.

Notes
Turn   | Place    | Note
-------+----------+-------------------------------------------
     0 | D:1      | Dittersdorf the Gargoyle Fighter began the quest for the
                  | Orb.
     0 | D:1      | Reached XP level 1. HP: 14/14 MP: 1/1
    89 | D:1      | Reached XP level 2. HP: 17/19 MP: 2/2
   303 | D:1      | Reached XP level 3. HP: 19/23 MP: 3/3
   932 | D:2      | Reached XP level 4. HP: 29/29 MP: 4/4
  1402 | D:3      | Noticed Ijyb
  1403 | D:3      | Paralysed by Ijyb for 5 turns
  1412 | D:2      | Paralysed by Ijyb for 3 turns
  1421 | D:2      | Paralysed by Ijyb for 3 turns
  1428 | D:2      | Paralysed by Ijyb for 5 turns
  1453 | D:2      | Killed Ijyb
  1454 | D:2      | Reached XP level 5. HP: 20/33 MP: 5/5
  2094 | D:4      | Reached XP level 6. HP: 39/39 MP: 6/6
  2184 | D:4      | Reached skill level 5 in Fighting
  2369 | D:4      | Reached skill level 5 in Armour
  2369 | D:4      | Reached skill level 5 in Shields
  2369 | D:4      | Reached XP level 7. HP: 44/44 MP: 7/7
  2643 | D:5      | Entered Level 5 of the Dungeon
  2659 | D:5      | Noticed Duvessa
  2659 | D:5      | Noticed Dowan
  2676 | D:5      | Killed Duvessa
  2703 | D:5      | Found a shimmering altar of Xom.
  2710 | D:5      | Killed Dowan
  2791 | D:5      | Reached XP level 8. HP: 25/51 MP: 8/8
  2884 | D:5      | Found an iron altar of Okawaru.
  3062 | D:5      | Reached skill level 5 in Maces & Flails
  3137 | D:5      | Found a snail-covered altar of Cheibriados.
  3149 | D:5      | Found a shadowy altar of Dithmenos.
  3204 | D:5      | Found a stormy altar of Qazlal.
  3339 | D:6      | Identified the +4 whip of Spite {freeze, Dex+5}
  3390 | D:6      | Noticed a manticore
  3405 | D:6      | Killed from afar by a manticore

Illustrated notes

Levels and vault maps discovered:
D:1:      beargit_arrival_diablo_church, layout_rooms, minmay_pentomino_t4
D:2:      layout_loops_ring, minmay_misc_feat_doors, grunt_decor_junction
D:3:      layout_rooms, uniq_ijyb
D:4:      layout_cave_pools
D:5:      layout_layer_cave, mainiacjoe_overflow_tiny_flanked,
          amethyst_overflow_temple_binary, okawaru_ov_weapons_minmay,
          overflow_temple_1_default, uniq_duvessa
D:6:      cheibrodos_barr_body, layout_basic

Skill      XL: |  1  2  3  4  5  6  7  8 |
---------------+-------------------------+-----
Fighting       | 4 5 6 |  6.6
Armour         | 4 5 6 |  6.5
Maces & Flails | 3 4 5 |  5.5
Shields        | 4 5 6 |  6.5

Action                     |  1- 3 |  4- 6 |  7- 9 || total
---------------------------+-------+-------+-------++-------
  Melee: Flail             |   143 |    25 |       ||   168
         Whip              |       |   145 |   117 ||   262
  Evoke: Wand              |       |       |     1 ||     1
    Use: Scroll            |       |     9 |     5 ||    14
 Armour: Scale mail        |   151 |    65 |       ||   216
         Chain mail        |       |    57 |    85 ||   142
  Dodge: Dodged            |   110 |    72 |    21 ||   203
  Block: Buckler           |    47 |    28 |    17 ||    92

Table legend: (Time is in decaauts)
 A = Elapsed time spent in this place.
 B = Non-inter-level travel time spent in this place.
 C = Inter-level travel time spent in this place.
 D = Time resting spent in this place.
 E = Time spent auto-exploring this place.
 F = Levels seen in this place.
 G = Mean time per level.
                   A        B        C        D        E       F      G
               +--------+--------+--------+--------+--------+-----+--------+
         Total |   3441 |   3279 |    162 |     63 |   2356 |   6 |  573.5 |
       Dungeon |   3441 |   3279 |    162 |     63 |   2356 |   6 |  573.5 |
               +--------+--------+--------+--------+--------+-----+--------+

Top non-repeatable levels by time:
     D:2: 911 daAuts
     D:5: 658 daAuts
     D:1: 620 daAuts
     D:3: 607 daAuts
     D:4: 554 daAuts
     D:6: 90 daAuts
